 Dungeon Crawl Stone Soup version 0.19.5 (webtiles) character file.

4902 mike2R the Destroyer (level 10, 0/58 HPs)
             Began as a Deep Elf Conjurer on Apr 26, 2017.
             Was a Follower of Sif Muna.
             Slain by a hill giant
             ... wielding a cursed -1 giant spiked club
              (31 damage)
             ... on level 9 of the Dungeon on Apr 27, 2017.
             The game lasted 01:09:35 (9486 turns).

mike2R the Destroyer (Deep Elf Conjurer)            Turns: 9486, Time: 01:09:36

Health: 0/58       AC: 12    Str:  5    XL:     10   Next: 27%
Magic:  9/22       EV: 14    Int: 24    God:    Sif Muna [*.....]
Gold:   118        SH:  3    Dex: 15    Spells: 6 memorised, 4 levels left

rFire  + + .     SeeInvis .     b - staff of poison
rCold  + . .     Gourm    .     y - +2 leather armour
rNeg   . . .     Faith    .     P - +0 buckler {rF+}
rPois  +         Spirit   .     q - +2 hat
rElec  .         Reflect  .     Q - +2 cloak {rPois}
rCorr  +         Harm     .     v - +0 pair of gloves
MR     +....                    (no boots)
Stlth  ++........               M - amulet of magic regeneration
                                A - ring of protection from fire
                                d - ring "Ecegidacs" {rCorr rC+}

@: hasted, very quick
A: no striking features
a: Divine Energy, Renounce Religion


You were on level 9 of the Dungeon.
You worshipped Sif Muna.
Sif Muna was aware of your devotion.
You were not hungry.

You visited 2 branches of the dungeon, and saw 10 of its levels.

You collected 589 gold pieces.
You spent 471 gold pieces at shops.

Inventory:

Hand Weapons
 a - a +1 falchion
Armour
 q - a +2 hat (worn)
 v - a +0 pair of gloves (worn)
 y - a +2 leather armour (worn)
 J - a +0 helmet
 P - a +0 buckler of fire resistance (worn)
 Q - a +2 cloak of poison resistance (worn)
Magical Staves
 b - an uncursed staff of poison (weapon)
Jewellery
 d - the ring "Ecegidacs" (left hand) {rCorr rC+}
   (You found it on level 6 of the Dungeon)

   [ring of resist corrosion]

   It protects you from cold.
 A - a ring of protection from fire (right hand)
 M - an amulet of magic regeneration (around neck)
 N - an uncursed ring of poison resistance
Wands
 h - a wand of disintegration (7/24)
 t - a wand of polymorph (18/24)
 w - a wand of digging (6/24)
 D - a wand of acid (1/15)
 O - a wand of random effects (26/48)
Scrolls
 i - a scroll of teleportation
 k - 2 scrolls of amnesia
 l - a scroll of blinking
 n - 4 scrolls of magic mapping
 p - 2 scrolls of remove curse
 u - 2 scrolls of fear
 F - a scroll of fog
 L - 2 scrolls of immolation
Potions
 e - 2 potions of agility
 f - a potion of cure mutation
 g - a potion of berserk rage
 m - 3 potions of resistance
 o - 3 potions of curing
 r - 2 potions of heal wounds
 C - a potion of magic
 H - 2 potions of might
 K - a potion of cancellation
Books
 s - Sif Muna's Handbook of the Eight Boll Weevils
   (You found it on level 6 of the Dungeon)

   Spells                             Type                      Level
   a - Shock                          Conjuration/Air              1
 x - a book of Conjurations

   Spells                             Type                      Level
   a - Magic Dart                     Conjuration                  1
   b - Searing Ray                    Conjuration                  2
   c - Dazzling Spray                 Conjuration/Hexes            3
   d - Fulminant Prism                Conjuration/Hexes            4
   e - Iskenderun's Mystic Blast      Conjuration                  4
   f - Iskenderun's Battlesphere      Conjuration/Charms           5
Comestibles
 c - 7 bread rations
 z - 2 meat rations
 B - a beef jerky
 E - a slice of pizza
 G - a royal jelly


   Skills:
 - Level 4.8 Fighting
 - Level 4.8 Armour
 - Level 6.0 Dodging
 - Level 2.4 Stealth
 - Level 7.1 Spellcasting
 + Level 10.7 Conjurations
 - Level 3.5 Hexes
 - Level 5.1 Charms
 - Level 3.2 Invocations


You had 4 spell levels left.
You knew the following spells:

 Your Spells              Type           Power        Failure   Level  Hunger
a - Magic Dart            Conj           ####         1%          1    None
b - Searing Ray           Conj           ######       1%          2    None
c - Dazzling Spray        Conj/Hex       #####.       3%          3    None
d - Iskenderun's Mystic   Conj           ######..     1%          4    ###....
e - Fulminant Prism       Conj/Hex       #####.....   12%         4    ###....
f - Iskenderun's Battles  Conj/Chrm      #####...     21%         5    #####..


Dungeon Overview and Level Annotations

Branches:
Dungeon (9/15)             Temple (1/1) D:7             Orc (0/2) D:9
   Lair: D:8-11

Altars:
Ashenzari
Cheibriados
Dithmenos
Elyvilon
Fedhas
Gozag
Hepliaklqana
Kikubaaqudgha
Makhleb
Nemelex Xobeh
Okawaru
Qazlal
Ru
Sif Muna
Trog
Uskayaw
Vehumet
Xom
Yredelemnul
Zin
The Shining One

Shops:
D:6 [(}*   D:7 **=*   D:8 =   D:9 [


Message History

Aiming: Iskenderun's Mystic Blast
Press: ? - help, Shift-Dir - straight line, f - bullfrog skeleton
Aim: a bullfrog skeleton (severely damaged)
The orb of energy hits the bullfrog skeleton.
You destroy the bullfrog skeleton!
Sif Muna accepts your kill.
The orb of energy explodes!
Casting: Iskenderun's Mystic Blast
Confirm with . or Enter, or press ? or * to list all spells.
Aiming: Iskenderun's Mystic Blast
Press: ? - help, Shift-Dir - straight line, f - hill giant
Aim: a hill giant, wielding a giant spiked club (lightly wounded)
The orb of energy hits the hill giant.
The hill giant is moderately wounded.
The orb of energy explodes!
The hill giant hits you with a giant spiked club!!
You feel yourself speed up.
The hill giant hits you with a giant spiked club!!
Ouch! That really hurt!
You die...

.#.#.#.#.#.#.#.#.#.#.#.#.#.###...
#.#.#.#.#.#.#.#.#.#.#.#†#.#.#....
.#.#.#.#.#.#.#.#.#.#.#.#.#.##.##.
#.......#.#.#.#.#.#.#.#.#.#.#.##.
.#.....#.#.#.#.#.#.#.#.#.#.##.##.
#.......#.#.#.#.#.#.#.#.#.#.#.##.
.#.#.#.#.#.#.#.#.#.#.#.#.#.##.##.
#.#.#.#.#.#.#.#.#C#.#.#.#.#.#....
.#.....#.#.#.#.#@#.#.#.#.#.#....#
#.#)..#.#.#.#.#.#.#.#.#.#.#.###.#
.#.....#.#.#.#.#.#.#.#.#.#.#.....
#.#.#.#.#.#.#.#.#.#.#.#.#.#+.....
.#.#.#.#)#.#.#.#.#.#.#.#.#.#.....
#.#.#.#.#.#.#.#.#.#.#.#.#.#......
.#.#.#.#.#(#.#.....#.#.#.#.##....
#.#.#.#.#.#.#.#....+#.#.#.#.#####
.#.#.#.#.#.#.#.[...#.#.#.#.##


You could see a hill giant.

Vanquished Creatures
  A hill giant (D:9)
  A komodo dragon (D:9)
  A hornet (D:9)
  A hippogriff (D:9)
  2 wraiths (D:7)
  A hungry ghost (D:8)
  Menkaure (D:4)
  2 orc warriors
  A phantom (D:7)
  An ice beast (D:8)
  A sky beast (D:3)
  6 centaurs
  2 ogres (D:7)
  The ghost of execc the Slasher, an amateur OpGl (D:3)
  An elf zombie (D:7)
  7 bullfrogs
  2 scorpions
  A troll skeleton (D:7)
  2 wights (D:7)
  2 human zombies (D:7)
  3 crimson imps
  3 jellies (D:6)
  3 bullfrog skeletons
  2 orc priests (D:7)
  2 centaur skeletons
  6 hounds
  8 orc wizards
  Natasha (thrice) (D:3)
  2 iguanas
  8 worker ants
  A hound skeleton (D:4)
  2 mummies (D:7)
  A worker ant zombie (D:5)
  A howler monkey zombie (D:8)
  A howler monkey skeleton (D:8)
  4 adders
  4 shadow imps
  An ooze (D:1)
  An adder zombie (D:9)
  A dart slug (D:2)
  6 leopard geckos
  25 orcs
  4 ball pythons
  3 giant cockroaches
  6 goblins
  4 hobgoblins
  4 jackals (D:4)
  2 kobolds (D:1)
  2 quokkas
  9 bats
  10 frilled lizards
  A giant cockroach zombie (D:3)
  An orc skeleton (D:7)
  An orc zombie (D:7)
  6 rats
178 creatures vanquished.

Vanquished Creatures (others)
  5 fulminant prisms
  A plant (D:7)
6 creatures vanquished.

Grand Total: 184 creatures vanquished

Notes
Turn   | Place    | Note
-------+----------+-------------------------------------------
     0 | D:1      | mike2R the Deep Elf Conjurer began the quest for the Orb.
     0 | D:1      | Reached XP level 1. HP: 10/10 MP: 6/6
   209 | D:1      | Reached XP level 2. HP: 15/15 MP: 6/8
   450 | D:1      | Reached skill level 5 in Conjurations
   645 | D:1      | Reached XP level 3. HP: 18/19 MP: 5/10
   649 | D:1      | Learned a level 2 spell: Searing Ray
   653 | D:1      | Learned a level 3 spell: Dazzling Spray
   939 | D:2      | Found a burning altar of Makhleb.
  1262 | D:3      | Reached XP level 4. HP: 24/24 MP: 9/12
  1274 | D:3      | Learned a level 4 spell: Iskenderun's Mystic Blast
  1464 | D:3      | Found a shattered altar of Ashenzari.
  1465 | D:3      | Found a shadowy altar of Dithmenos.
  1467 | D:3      | Found a sacrificial altar of Ru.
  1468 | D:3      | Found a white marble altar of Elyvilon.
  1469 | D:3      | Noticed execc's ghost (amateur OpGl)
  1469 | D:3      | Found a sparkling altar of Nemelex Xobeh.
  1487 | D:3      | Killed execc's ghost
  1487 | D:3      | Reached skill level 5 in Spellcasting
  1487 | D:3      | Reached XP level 5. HP: 14/28 MP: 1/15
  1708 | D:3      | Noticed Natasha
  1711 | D:3      | Killed Natasha
  1711 | D:3      | Reached skill level 6 in Conjurations
  1717 | D:3      | Learned a level 4 spell: Fulminant Prism
  1747 | D:3      | Noticed Natasha
  1750 | D:3      | Noticed a sky beast
  1751 | D:3      | Killed Natasha
  1757 | D:3      | Killed a sky beast
  1757 | D:3      | Reached XP level 6. HP: 6/32 MP: 5/17
  2379 | D:3      | Noticed Natasha
  2412 | D:3      | Killed Natasha
  2966 | D:4      | Learned a level 5 spell: Iskenderun's Battlesphere
  2991 | D:4      | Reached skill level 7 in Conjurations
  3233 | D:4      | Noticed Menkaure
  3243 | D:4      | Killed Menkaure
  3243 | D:4      | Reached XP level 7. HP: 36/36 MP: 12/19
  3272 | D:4      | Reached skill level 8 in Conjurations
  3745 | D:5      | Entered Level 5 of the Dungeon
  4000 | D:5      | Found an iron altar of Okawaru.
  4129 | D:5      | Reached skill level 1 in Fighting
  4129 | D:5      | Reached skill level 1 in Armour
  4294 | D:6      | Found Roqenugge's Gadget Shop.
  4299 | D:6      | Found Hidoobb's General Store.
  4627 | D:6      | Reached XP level 8. HP: 33/44 MP: 14/20
  4709 | D:6      | Got a transparent lapis lazuli ring
  4726 | D:6      | Found Telaej's Weapon Boutique.
  4856 | D:6      | Found Impivuaz's Antique Armour Shop.
  5363 | D:6      | Found a deep blue altar of Sif Muna.
  5367 | D:6      | Became a worshipper of Sif Muna the Loreminder
  5387 | D:6      | Identified Sif Muna's Handbook of the Eight Boll Weevils
  5902 | D:7      | Reached XP level 9. HP: 53/53 MP: 8/21
  5908 | D:7      | Reached skill level 1 in Hexes
  6163 | D:7      | Found a basalt altar of Yredelemnul.
  6204 | D:7      | Found a staircase to the Ecumenical Temple.
  6211 | Temple   | Entered the Ecumenical Temple
  6358 | D:7      | Found Xobes's Assorted Antiques.
  6371 | D:7      | Bought a scroll labeled ENIFUBBEROD for 22 gold pieces
  6371 | D:7      | Bought a sapphire potion for 19 gold pieces
  6471 | D:7      | Found Meprado's Jewellery Boutique.
  6552 | D:7      | Found Nuakkiv's Assorted Antiques.
  6634 | D:7      | Bought a dark potion for 19 gold pieces
  6634 | D:7      | Bought a scroll labeled XIUSEU FOLOI for 22 gold pieces
  6689 | D:7      | Reached skill level 5 in Charms
  6982 | D:7      | Found Ugolouxo's General Store.
  7432 | D:8      | Identified the ring "Ecegidacs" {rCorr rC+} (You found it on level 6 of the Dungeon)
  7529 | D:8      | Found Vema's Jewellery Shop.
  7567 | D:8      | Reached skill level 5 in Dodging
  8342 | D:9      | Found Vema's Armour Shop.
  8342 | D:9      | Found a staircase to the Orcish Mines.
  8473 | D:9      | Reached skill level 1 in Invocations
  8670 | D:9      | Noticed a komodo dragon
  8676 | D:9      | Killed a komodo dragon
  8676 | D:9      | Reached * piety under Sif Muna
  8676 | D:9      | Reached skill level 9 in Conjurations
  8767 | D:9      | Reached XP level 10. HP: 38/58 MP: 6/22
  9123 | D:9      | Noticed a hill giant
  9129 | D:9      | Killed a hill giant
  9129 | D:9      | Reached skill level 10 in Conjurations
  9262 | D:9      | Bought a +0 buckler of fire resistance for 149 gold pieces
  9262 | D:9      | Bought a +2 cloak of poison resistance for 240 gold pieces
  9468 | D:9      | Noticed a hill giant
  9486 | D:9      | Slain by a hill giant

Skill      XL: |  1  2  3  4  5  6  7  8  9 10 |
---------------+-------------------------------+-----
Conjurations   | 5 6 7 8 9 10 | 10.7
Spellcasting   | 4 5 6 7 |  7.1
Fighting       | 2 4 |  4.8
Armour         | 2 4 |  4.8
Hexes          | 3 |  3.5
Charms         | 5 |  5.1
Dodging        | 6 |  6.0
Invocations    | 3 |  3.2
Stealth        | |  2.4

Action                   |  1- 3 |  4- 6 |  7- 9 | 10-12 || total
-------------------------+-------+-------+-------+-------++-------
Melee: Short sword       |       |     2 |       |       ||     2
       Falchion          |       |       |     3 |       ||     3
       Staff             |       |       |     2 |       ||     2
 Cast: Magic Dart        |    67 |    72 |   114 |    18 ||   271
       Searing Ray       |       |    10 |    53 |     3 ||    66
       Iskenderun's Myst |       |     1 |    10 |     4 ||    15
       Fulminant Prism   |       |       |     3 |     2 ||     5
       Iskenderun's Batt |       |       |     9 |     6 ||    15
       Dazzling Spray    |       |       |     3 |       ||     3
Evoke: Wand              |       |       |     2 |       ||     2
  Use: Scroll            |     2 |     2 |    17 |     3 ||    24
       Potion            |       |       |     3 |     1 ||     4
  Eat: Chunk             |     1 |     6 |    19 |     4 ||    30
       Fruit             |       |       |     1 |       ||     1
       Pizza             |       |       |     1 |       ||     1
Armor: Robe              |     5 |     1 |     1 |       ||     7
       Leather armour    |       |       |    21 |     3 ||    24
Dodge: Dodged            |     4 |    15 |    48 |     6 ||    73
Block: Buckler           |       |       |       |     2 ||     2
       Rpst.: Falchion   |       |     3 |     6 |       ||     9
